 Dungeon Crawl Stone Soup version 0.29.1-15-g9cfb28693d (webtiles) character file.

Game seed: 278408098355577596

1342 zeram the Ogre Mage (level 8, -2/75 HPs)
             Began as an Ogre Necromancer on Feb 26, 2023.
             Slain by Joseph
             ... wielding a +0 quarterstaff
              (19 damage)
             ... on level 7 of the Dungeon.
             The game lasted 00:17:00 (9016 turns).

zeram the Ogre Mage (Ogre Necromancer)              Turns: 9016, Time: 00:17:01

Health: -2/75      AC:  9    Str: 13    XL:     8   Next: 62%
Magic:  16/18      EV: 10    Int: 18    God:
Gold:   247        SH:  0    Dex:  9    Spells: 16/20 levels left

rFire   . . .      SeeInvis .   j - +1 mace (vamp)
rCold   . . .      Faith    .   (no shield)
rNeg    . . .      Spirit   .   a - +0 robe
rPois   .          Reflect  .   (helmet restricted)
rElec   .          Harm     .   q - +1 cloak
rCorr   .          Rampage  .   (gloves unavailable)
Will    .....                   (boots unavailable)
Stlth   +.........              (no amulet)
HPRegen 0.22/turn               e - +4 ring of protection
MPRegen 0.16/turn               (no ring)

@: about to teleport
A: large, unfitting armour, tough skin 1
a: no special abilities


You were on level 7 of the Dungeon.
You visited 1 branch of the dungeon, and saw 7 of its levels.
You also visited: Sewer.

You collected 247 gold pieces.

Inventory:

Hand Weapons
 i - a +0 club
 j - a +1 vampiric mace (weapon)
Missiles
 x - a throwing net
Armour
 a - a +0 robe (worn)
 q - a +1 cloak (worn)
Jewellery
 c - an amulet of faith
 e - a +4 ring of protection (left hand)
 s - a ring of willpower
 w - a ring of poison resistance
Wands
 h - a wand of polymorph (11)
 r - a wand of digging (1)
 t - a wand of flame (33)
Scrolls
 g - 2 scrolls of teleportation
 k - a scroll of brand weapon
 u - a scroll of identify
Potions
 b - a potion of magic
 d - 3 potions of curing
 f - 3 potions of mutation
 l - 2 potions of ambrosia
 m - a potion of lignification {unknown}
 n - 3 potions of attraction {unknown}
 o - a potion of resistance
 p - a potion of heal wounds


   Skills:
 + Level 3.4 Fighting
 + Level 3.1 Maces & Flails
 + Level 4.1 Dodging
 - Level 1.4 Stealth
 + Level 0.5 Unarmed Combat
 + Level 6.7 Spellcasting
 + Level 6.2 Necromancy
 + Level 0.2 Evocations


You had 16 spell levels left.
You knew the following spells:

 Your Spells              Type           Power      Damage    Failure   Level
a - Necrotise             Necr           100%       1d9       1%          1
b - Vampiric Draining     Necr           28%        2d8       2%          3

Your spell library contained the following spells:

 Spells                   Type           Power      Damage    Failure   Level
 Animate Dead             Necr           28%        N/A       9%          4
 Sting                    Tmut/Pois      24%        1d4       11%         1
 Poisonous Vapours        Pois/Air       12%        N/A       17%         2
 Agony                    Necr           28%        N/A       24%         5
 Ozocubu's Armour         Ice            6%         N/A       32%         3
 Olgreb's Toxic Radiance  Pois           6%         N/A       73%         4
 Passage of Golubria      Tloc           6%         N/A       73%         4
 Metabolic Englaciation   Hex/Ice        3%         N/A       97%         5
 Silence                  Hex/Air        3%         N/A       97%         5
 Simulacrum               Ice/Necr       8%         N/A       99%         6
 Lehudib's Crystal Spear  Conj/Erth      3%         10d2      100%        8


Dungeon Overview and Level Annotations

Branches:
Dungeon (7/15)              Sewer (visited)
 Temple: D:4-7

Altars:
Kikubaaqudgha
Trog
Yredelemnul

Shops:
D:2 ==*

Annotations:
D:4 Grinder
D:7 Joseph


Innate Abilities, Weirdness & Mutations

You are too large for most types of armour.
You have tough skin. (AC +1)


Message History

The puff of flame hits Joseph.
Joseph is lightly wounded.
Unknown command.
Joseph unwields a +0 sling.
Joseph wields a +0 quarterstaff.
Joseph closely misses you.
Casting: Necrotise (safe; 1% risk of failure)
Confirm with . or Enter, or press ? or * to list all spells.
Aiming: Necrotise (safe; 1% risk of failure)
Press: ? - help, Shift-Dir - straight line, f/p - Joseph
Aim: Joseph, wielding a +0 quarterstaff and wearing a +0 leather armour (lightly wounded, chance to affect: 70%) Joseph writhes in agony!
Joseph hits you but does no damage.
You hit Joseph but do no damage.
Joseph is moderately wounded.
Joseph hits you with a +0 quarterstaff!
You hit Joseph but do no damage.
Joseph is moderately wounded.
Joseph completely misses you.
Joseph drinks a potion.
Joseph goes berserk!
You barely miss Joseph.
Joseph is moderately wounded.
Joseph closely misses you.
Casting: Necrotise (safe; 1% risk of failure)
Confirm with . or Enter, or press ? or * to list all spells.
Aiming: Necrotise (safe; 1% risk of failure)
Press: ? - help, Shift-Dir - straight line, f - Joseph
Aim: Joseph, wielding a +0 quarterstaff and wearing a +0 leather armour (moderately wounded, berserk, chance to affect: 70%) Joseph writhes in agony.
Joseph barely misses you.
Joseph hits you with a +0 quarterstaff!!
* * * LOW HITPOINT WARNING * * *
Casting: Necrotise (safe; 1% risk of failure)
Confirm with . or Enter, or press ? or * to list all spells.
Aiming: Necrotise (safe; 1% risk of failure)
Press: ? - help, Shift-Dir - straight line, f/p - Joseph
Aim: Joseph, wielding a +0 quarterstaff and wearing a +0 leather armour (moderately wounded, berserk, chance to affect: 70%) Joseph writhes in agony!
Joseph hits you with a +0 quarterstaff.
* * * LOW HITPOINT WARNING * * *
Unknown command.
As you read the scroll of teleportation, it crumbles to dust.
You feel strangely unstable.
Joseph hits you with a +0 quarterstaff!!
You die...

♣♣♣ . ♣..♣. P. .#
..♣.♣#.. ...#
##..##.. .....#...
... ........###.#
##.<.##.##
#.....#@r###...
#....##...@......#
.....#
##.....###.. .###.
##..### # #..#
##.# .## . .


You could see Joseph (berserk) and a river rat.

Vanquished Creatures
  2 water moccasins
  2 black bears (D:5)
  A centaur (D:5)
  A necrophage (D:6)
  2 jellies
  A gnoll bouda (D:6)
  4 hounds
  An orc priest (D:3)
  Ijyb (D:3)
  8 iguanas
  Terence (D:3)
  An orc wizard (D:3)
  Natasha (D:2)
  4 gnolls (D:6)
  3 adders
  A shadow imp (D:6)
  A white imp (D:5)
  3 worms
  2 dart slugs
  17 orcs
  An endoplasm (D:1)
  11 giant cockroaches
  7 goblins
  8 hobgoblins
  5 jackals
  4 kobolds
  4 quokkas
  5 ball pythons
  7 bats
  6 frilled lizards
  9 rats
124 creatures vanquished.

Vanquished Creatures (collateral kills)
  An orc priest (D:5)
  A gnoll (D:6)
  A worm (D:3)
  An endoplasm (D:2)
  A goblin (D:3)
  A ball python (D:1)
6 creatures vanquished.

Vanquished Creatures (others)
  A plant (D:7)
1 creature vanquished.

Grand Total: 131 creatures vanquished

Notes
Turn   | Place    | Note
-------+----------+-------------------------------------------
     0 | D:1      | zeram the Ogre Necromancer began the quest for the Orb.
     0 | D:1      | Reached XP level 1. HP: 16/16 MP: 3/3
   280 | D:1      | Reached XP level 2. HP: 15/24 MP: 5/5
   718 | D:1      | Found a faded altar of an unknown god.
  1281 | D:1      | Reached XP level 3. HP: 27/31 MP: 6/6
  1285 | D:1      | Learned a level 3 spell: Vampiric Draining
  1863 | D:2      | Reached skill level 1 in Fighting
  1863 | D:2      | Reached XP level 4. HP: 5/41 MP: 1/8
  2265 | D:2      | Found Dienlulueth's General Store.
  2559 | D:2      | Found Juuchi's Jewellery Shop.
  2974 | D:2      | Noticed Natasha
  2988 | D:2      | Killed Natasha
  3202 | D:2      | Found Kusoog's Jewellery Shoppe.
  3321 | D:3      | Reached XP level 5. HP: 41/48 MP: 1/10
  3459 | D:3      | Reached skill level 1 in Maces & Flails
  3486 | D:3      | Found a glowing drain.
  3499 | Sewer    | Entered a sewer
  3703 | Sewer    | Noticed a water moccasin
  3717 | Sewer    | Killed a water moccasin
  3718 | Sewer    | Reached XP level 6. HP: 41/57 MP: 3/11
  4410 | D:3      | Noticed Terence
  4418 | D:3      | Killed Terence
  4597 | D:3      | Noticed Ijyb
  4609 | D:3      | Killed Ijyb
  4610 | D:3      | Reached skill level 5 in Necromancy
  4731 | D:3      | Found an ancient bone altar of Kikubaaqudgha.
  5138 | D:4      | Reached XP level 7. HP: 62/63 MP: 8/14
  5211 | D:4      | Noticed Grinder
  5220 | D:4      | Paralysed by Grinder for 4 turns
  5253 | D:5      | Entered Level 5 of the Dungeon
  5528 | D:4      | Noticed Grinder
  5528 | D:4      | Grinder changed into Grinder the chaos spawn
  5953 | D:5      | Found a basalt altar of Yredelemnul.
  6312 | D:5      | Reached skill level 5 in Spellcasting
  6933 | D:5      | Reached XP level 8. HP: 16/74 MP: 16/16
  7559 | D:5      | Found a bloodstained altar of Trog.
  9006 | D:7      | Noticed Joseph
  9016 | D:7      | Slain by Joseph

Illustrated notes

Levels and vault maps discovered:
D:1:      lightli_arrival_statuegarden, layout_basic,
          hellmonk_ecumenical_altar_heavens_door, minivault_25,
          chequers_hall_statues_corner_a
D:2:      minmay_skewed_foursquare, layout_loops_ring, serial_shops,
          shop_fountains, shop, shop, minmay_tripent, uniq_natasha
D:3:      minmay_roachtagon, layout_loops_cross,
          nicolae_kikubaaqudgha_miasma_corner, portal_sewer_entry_e,
          uniq_terence, uniq_ijyb
D:4:      minmay_evil_eye, layout_basic, nicolae_qazlal_general_emergency,
          mainiacjoe_overflow_24_doors, minmay_surrounded, uniq_grinder
D:5:      layout_basic, lemuel_crystal_altar, trog_book,
          chequers_serial_rivers_large_b
D:6:      layout_rooms
D:7:      wad_woods_stonehenge, layout_layer_cave, mainiacjoe_overflow_paths,
          chequers_temple_overflow_statue_of_worship,
          minmay_temple_entry_proselytizer, enter_bailey_3, uniq_joseph

Skill      XL: |  1  2  3  4  5  6  7  8 |
---------------+-------------------------+-----
Dodging        | 2 3 4 |  4.1
Necromancy     | 4 5 6 |  6.2
Fighting       | 1 2 3 |  3.4
Spellcasting   | 3 4 5 6 |  6.7
Maces & Flails | 1 2 3 |  3.1
Stealth        | |  1.4
Unarmed Combat | |  0.5
Evocations     | |  0.2

Action                   |  1- 3 |  4- 6 |  7- 9 || total
-------------------------+-------+-------+-------++-------
Melee: Unarmed           |    40 |       |       ||    40
       Club              |    37 |   100 |       ||   137
       Punch             |       |     3 |     3 ||     6
       Mace              |       |    50 |   199 ||   249
 Cast: Necrotise         |    23 |   118 |    74 ||   215
       Vampiric Draining |       |       |     4 ||     4
Evoke: Wand              |       |       |     5 ||     5
  Use: Scroll            |     6 |     6 |     5 ||    17
       Potion            |       |       |     3 ||     3
 Stab: Sleeping          |     1 |     1 |     2 ||     4
       Distracted        |       |     2 |       ||     2
Armor: Robe              |    21 |   119 |   148 ||   288
Dodge: Dodged            |    47 |   172 |   152 ||   371
